Map: Orbital Shipyard

Players

MouseGGAXE

  • Race: Zerg Zerg
  • League: Platinum

GLaDOS - Winner!

  • Race: Zerg Zerg
  • League: Platinum

VOD

Have the link to the VOD?

Description

Time

  • Played on: Aug. 18, 2015, 11:28 a.m.
  • Length: 7:37
Show
View Real Time Build Order
Export as new Build Order

MouseGGAXE Zerg 

Build Orders: Hatch First 

Get SALT Encoding   

  12  0:02  Drone  
  13  0:14  Overlord  
  13  0:20  Drone  
  14  0:32  Drone  
  14  0:33  Drone  
  16  0:36  Drone  
  17  0:53  Hatchery  
  17  0:57  Drone  
  17  1:11  Spawning Pool  
  16  1:13  Drone  
  17  1:19  Drone  
  17  1:24  Overlord, Extractor  
  17  1:33  Drone  
  18  1:43  Drone  
  19  1:53  Drone  
  20  1:59  Queen  
  22  2:03  Zergling x2  
  22  2:06  Queen  
  25  2:08  Drone  
  26  2:15  Roach Warren  
  26  2:19  Drone x2  
  27  2:29  Drone  
  28  2:36  Overlord, Drone  
  29  2:39  Drone  
  30  2:46  Drone  
  30  2:50  Drone  
  32  3:02  Zergling x4  
  33  3:17  Roach  
  33  3:18  Overlord x2  
  35  3:24  Overlord  
  33  3:38  Roach x6  
  45  3:44  Roach  
  45  3:47  Drone x8  
  55  3:50  Roach  
  55  3:55  Roach  
  59  4:03  Drone, Extractor  
  59  4:05  Extractor  
  59  4:08  Roach  
  60  4:18  Overlord  
  60  4:19  Evolution Chamber, Overlord  
  59  4:37  Roach x7  
  61  5:13  Drone x3  
  62  5:17  Drone x3  
  62  5:18  Drone x3  
  68  5:22  Queen  
  68  5:23  Drone x5  
  60  5:43  Drone x4  
  61  6:09  Drone x3  
  64  6:12  Drone x2  
  67  6:18  Ravager  
  67  6:19  Lair  
  67  6:21  Drone x5  
  67  6:22  Drone  
  73  6:28  Hatchery  
  73  6:30  Drone  
  73  6:36  Drone  
  74  6:43  Drone x2, Extractor  
  74  6:44  Drone, Overlord  
  74  6:45  Overlord  
  76  7:03  Ravager x4  
  76  7:05  Zergling x12  
  86  7:08  Drone x2  
  86  7:14  Roach x2  
  92  7:16  Overlord x2  
Show
View Real Time Build Order
Export as new Build Order

GLaDOS Zerg - Winner!

Build Orders: Hatch First 

Get SALT Encoding   

  12  0:01  Drone  
  13  0:11  Drone  
  14  0:18  Overlord  
  14  0:24  Extractor  
  14  0:25  Drone  
  15  0:37  Drone x2  
  17  0:46  Drone  
  18  0:56  Drone  
  19  1:05  Hatchery  
  19  1:07  Extractor  
  19  1:08  Drone  
  18  1:18  Spawning Pool  
  18  1:20  Drone  
  18  1:31  Drone  
  19  1:40  Drone  
  20  1:50  Overlord  
  20  2:05  Queen  
  22  2:11  Zergling x4  
  22  2:13  Metabolic Boost  
  24  2:17  Queen  
  24  2:19  Zergling x2  
  27  2:31  Drone x2  
  29  2:37  Drone  
  30  2:46  Queen  
  30  2:49  Drone x2  
  34  3:16  Extractor  
  34  3:18  Roach Warren, Overlord x2  
  32  3:20  Drone x4  
  35  3:37  Zergling x2  
  35  3:38  Zergling x16  
  42  3:49  Spine Crawler  
  42  3:51  Queen  
  43  3:58  Roach  
  43  3:59  Roach x3  
  43  4:02  Drone  
  52  4:16  Lair  
  52  4:32  Overlord x3  
  52  4:53  Roach  
  52  4:54  Roach x7  
  66  5:14  Roach  
  66  5:15  Roach x3  
  66  5:20  Drone  
  66  5:21  Overlord x2  
  73  5:47  Roach x5  
  81  5:53  Drone x4  
  81  5:54  Drone x4  
  89  6:02  Glial Reconstitution  
  86  6:06  Extractor  
  86  6:07  Extractor  
  84  6:14  Roach x3  
  90  6:18  Drone  
  90  6:19  Drone  
  92  6:31  Overlord x2  
  92  6:44  Overlord x2  
  92  7:00  Roach x7  
  106  7:05  Roach  
  108  7:18  Roach x5  
  108  7:20  Hatchery  
Tags
 
Add a new tag
Caveats
  • Supply blocks, unpowered buildings, or Contaminate may cause inaccurate times.
  • Supply counts are checked every 10 seconds.